 Dungeon Crawl Stone Soup version 0.25-a0-413-g3b4b6a4ccc (webtiles) character file.

Game seed: 4638728383467089635, levelgen mode: deterministic

316 ves the Vexing (level 6, -1/47 HPs)
             Began as a Gnoll Arcane Marksman on Jan 16, 2020.
             Was an Initiate of Sif Muna.
             Succumbed to a water moccasin's poison
             ... on level 4 of the Dungeon.
             The game lasted 00:31:37 (3788 turns).

ves the Vexing (Gnoll Arcane Marksman)              Turns: 3788, Time: 00:31:38

Health: -1/47      AC:  2    Str: 18    XL:     6   Next: 44%
Magic:  0/11       EV: 16    Int: 17    God:    Sif Muna [......]
Gold:   266        SH:  0    Dex: 22    Spells: 6/11 levels left

rFire    . . .     SeeInvis .   a - +1 dagger (venom)
rCold    . . .     Gourm    .   (no shield)
rNeg     . . .     Faith    .   i - +0 robe
rPois    .         Spirit   +   P - +0 helmet
rElec    .         Reflect  .   (no cloak)
rCorr    .         Harm     .   (no gloves)
MR       +....                  (no boots)
Stlth    ++........             t - amulet of guardian spirit
HPRegen  0.15/turn              v - +3 ring of dexterity (curse)
MPRegen  0.12/turn              R - +4 ring of dexterity

@: mighty, lethally poisoned (-1 -> -19), about to teleport
A: distributed training, fangs 1, deformed body, magic resistance 1, strong nose
a: Renounce Religion


You were on level 4 of the Dungeon.
You worshipped Sif Muna.
Sif Muna was noncommittal.
You were not hungry.

You visited 2 branches of the dungeon, and saw 6 of its levels.

You collected 266 gold pieces.

Inventory:

Hand Weapons
 a - a +1 dagger of venom (weapon)
 b - a +0 hunting sling
 g - a +2 dagger of holy wrath
Missiles
 f - 3 javelins
 p - 2 boomerangs
 r - 14 sling bullets
 x - 152 stones
 N - 8 poisoned darts (quivered)
Armour
 i - a +0 robe (worn)
 P - a +0 helmet (worn)
Jewellery
 e - a +2 ring of protection {unknown}
 t - an amulet of guardian spirit (around neck)
 u - a +4 amulet of reflection {unknown}
 v - a cursed +3 ring of dexterity (left hand)
 R - a +4 ring of dexterity (right hand)
Wands
 T - a wand of acid (4)
Scrolls
 h - 5 scrolls of teleportation
 j - 6 scrolls of remove curse {unknown}
 o - a scroll of noise {unknown}
 q - 8 scrolls of identify {unknown}
 s - 2 scrolls of fog {unknown}
 z - a scroll of amnesia {unknown}
 E - 2 scrolls of enchant weapon {unknown}
 F - a scroll of random uselessness {unknown}
 G - a scroll of fear {unknown}
 H - a scroll of blinking {unknown}
 U - a scroll of magic mapping {unknown}
Potions
 m - a potion of lignification {unknown}
 n - a potion of flight
 C - 2 potions of mutation
 L - a potion of berserk rage {unknown}
 M - a potion of cancellation {unknown}
 Q - a potion of haste {unknown}
 V - a potion of brilliance {unknown}
 W - a potion of invisibility {unknown}
Comestibles
 c - 8 rations
 d - 5 chunks of flesh


   Skills:
 + Level 3.2 Fighting
 + Level 1.9 Short Blades
 + Level 1.9 Long Blades
 + Level 1.9 Axes
 + Level 1.9 Maces & Flails
 + Level 1.9 Polearms
 + Level 1.9 Staves
 + Level 1.9 Slings
 + Level 1.9 Bows
 + Level 1.9 Crossbows
 + Level 5.0 Throwing
 + Level 1.9 Armour
 + Level 5.0 Dodging
 + Level 1.9 Stealth
 + Level 1.9 Shields
 + Level 1.9 Unarmed Combat
 + Level 3.4 Spellcasting
 + Level 1.5 Conjurations
 + Level 5.6 Hexes
 + Level 1.5 Charms
 + Level 1.5 Summonings
 + Level 1.5 Necromancy
 + Level 1.5 Translocations
 + Level 1.5 Transmutations
 + Level 1.5 Fire Magic
 + Level 1.5 Ice Magic
 + Level 1.5 Air Magic
 + Level 1.5 Earth Magic
 + Level 1.5 Poison Magic
 + Level 2.1 Invocations
 + Level 1.9 Evocations


You had 6 spell levels left.
You knew the following spells:

 Your Spells              Type           Power        Failure   Level  Hunger
a - Corona                Hex            ###....      1%          1    None
b - Slow                  Hex            ###.....     2%          2    ##.....
c - Swiftness             Chrm/Air       #.......     14%         2    ##.....

Your spell library contained the following spells:

 Spells                   Type           Power        Failure   Level  Hunger
 Inner Flame              Hex/Fire       ###.....     12%         3    ###....
 Portal Projectile        Hex/Tloc       ###...       12%         3    ###....
 Passwall                 Tmut/Erth      #.......     14%         2    ##.....
 Cause Fear               Hex            ###.......   16%         4    ####...
 Leda's Liquefaction      Hex/Erth       ###.......   36%         4    ####...
 Passage of Golubria      Tloc           N/A          65%         4    ####...
 Lee's Rapid Deconstruct  Erth           #.........   94%         5    ######.
 Darkness                 Hex            ###.......   94%         6    #######
 Invisibility             Hex            ###.....     94%         6    #######


Dungeon Overview and Level Annotations

Branches:
Dungeon (5/15)             Temple (1/1) D:4

Altars:
Cheibriados
Dithmenos
Gozag
Kikubaaqudgha
Makhleb
Okawaru
Qazlal
Ru
Sif Muna
Trog
Uskayaw
Vehumet
Wu Jian
Xom
Yredelemnul
The Shining One

Annotations:
D:3 3 runed translucent doors, erthbison's ghost, weakling DsNe


Innate Abilities, Weirdness & Mutations

Your experience applies equally to all skills.
You have very sharp teeth.
Your uncanny sense of smell can sniff out nearby items.
Armour fits poorly on your strangely shaped body.
You are resistant to hostile enchantments. (MR+)


Message History

Aim: a water moccasin (lightly wounded)
The bolt of acid misses the water moccasin.
* * * LOW HITPOINT WARNING * * *
You feel sick. The water moccasin closely misses you.
The water moccasin barely misses you.
Evoke which item? (* to show all) (? for menu, Esc to quit)
Aiming: Corrosive Bolt
Press: ? - help, Shift-Dir - straight line, f/p - water moccasin
Aim: a water moccasin (lightly wounded)
The bolt of acid misses the water moccasin.
The water moccasin bites you!
* * * LOW HITPOINT WARNING * * *
You are more poisoned.
The water moccasin poisons you!
Evoke which item? (* to show all) (? for menu, Esc to quit)
Okay, then.
Okay, then.
As you read the scroll labeled TEURUNL LUOKK, it crumbles to dust.
You feel strangely unstable.
It was a scroll of teleportation.
You die...

.........#........# ###.#....#
.........#........# #...#..#.####
>........#........# #.##........#
.#.###'###........# #.##........#
.#.#.....#........# #.##........#
...#.###.#.<......# #.##........#
...'.#>'.'........###.##........#
...#.###.#......S.##..####.####.#
..>#.....#......@.##.## #.#.....
.#.###+###...........# ###.#.....
.#..#..# #.........#####.........
....#.####........####...........
##.#.............................
.....#####.....<..####..>......##
[....## #........# #.........#
......## #........# #.........#
.......###........####....<....#


You could see a water moccasin.

Vanquished Creatures
  An orc priest (D:4)
  2 orc wizards (D:4)
  4 worker ants
  A hound skeleton (D:4)
  A gnoll (D:2)
  2 adders
  An ooze (D:2)
  3 worms (D:2)
  3 dart slugs
  A leopard gecko (D:2)
  5 orcs (D:4)
  6 bats
  6 giant cockroaches
  8 goblins
  9 hobgoblins
  5 quokkas
  3 frilled lizards
  A jackal zombie (D:2)
  11 kobolds
  10 rats
  2 plants (D:2)
85 creatures vanquished.

Notes
Turn   | Place    | Note
-------+----------+-------------------------------------------
     0 | D:1      | ves the Gnoll Arcane Marksman began the quest for the Orb.
     0 | D:1      | Reached XP level 1. HP: 17/17 MP: 4/4
   284 | D:1      | Reached XP level 2. HP: 12/23 MP: 5/5
  1134 | D:1      | Reached XP level 3. HP: 26/28 MP: 7/7
  1448 | D:2      | Reached skill level 1 in Invocations
  1595 | D:2      | Reached skill level 1 in Short Blades
  1595 | D:2      | Reached skill level 1 in Long Blades
  1595 | D:2      | Reached skill level 1 in Axes
  1595 | D:2      | Reached skill level 1 in Maces & Flails
  1595 | D:2      | Reached skill level 1 in Polearms
  1595 | D:2      | Reached skill level 1 in Staves
  1595 | D:2      | Reached skill level 1 in Slings
  1595 | D:2      | Reached skill level 1 in Bows
  1595 | D:2      | Reached skill level 1 in Crossbows
  1595 | D:2      | Reached skill level 1 in Armour
  1595 | D:2      | Reached skill level 1 in Stealth
  1595 | D:2      | Reached skill level 1 in Shields
  1595 | D:2      | Reached skill level 1 in Unarmed Combat
  1595 | D:2      | Reached skill level 1 in Evocations
  1624 | D:2      | Reached XP level 4. HP: 31/34 MP: 8/8
  1630 | D:2      | Found an iron altar of Okawaru.
  1670 | D:2      | Learned a level 2 spell: Slow
  1673 | D:2      | Learned a level 2 spell: Swiftness
  2290 | D:2      | Reached skill level 1 in Conjurations
  2290 | D:2      | Reached skill level 1 in Charms
  2290 | D:2      | Reached skill level 1 in Summonings
  2290 | D:2      | Reached skill level 1 in Necromancy
  2290 | D:2      | Reached skill level 1 in Translocations
  2290 | D:2      | Reached skill level 1 in Transmutations
  2290 | D:2      | Reached skill level 1 in Fire Magic
  2290 | D:2      | Reached skill level 1 in Ice Magic
  2290 | D:2      | Reached skill level 1 in Air Magic
  2290 | D:2      | Reached skill level 1 in Earth Magic
  2290 | D:2      | Reached skill level 1 in Poison Magic
  2323 | D:2      | Found a glowing golden altar of the Shining One.
  2405 | D:2      | Reached XP level 5. HP: 23/40 MP: 9/9
  2666 | D:3      | Found a runed translucent gate.
  2667 | D:3      | Noticed a big kobold
  2668 | D:3      | Found a runed translucent gate.
  2669 | D:3      | Found a runed translucent gate.
  2669 | D:3      | Noticed erthbison's ghost (weakling DsNe)
  3318 | D:4      | Found a staircase to the Ecumenical Temple.
  3333 | Temple   | Entered the Ecumenical Temple
  3366 | Temple   | Became a worshipper of Sif Muna the Loreminder
  3520 | D:4      | Reached XP level 6. HP: 46/47 MP: 10/10
  3631 | D:4      | Reached skill level 5 in Throwing
  3631 | D:4      | Reached skill level 5 in Dodging
  3658 | D:4      | HP: 2/47 [poisoned by a worker ant]
  3749 | D:5      | Entered Level 5 of the Dungeon
  3769 | D:5      | Noticed a water moccasin
  3782 | D:4      | Gained mutation: You are resistant to hostile enchantments.
                  | (MR+) [potion of mutation]
  3782 | D:4      | Gained mutation: Armour fits poorly on your strangely
                  | shaped body. [potion of mutation]
  3782 | D:4      | Gained mutation: Your spells are a little easier to cast,
                  | but a little less powerful. [potion of mutation]
  3782 | D:4      | Lost mutation: Your spells are a little easier to cast, but
                  | a little less powerful. [potion of mutation]
  3787 | D:4      | HP: 1/47 [water moccasin (4)]
  3788 | D:4      | Succumbed to a water moccasin's poison

Levels and vault maps discovered:
D:1:      nicolae_arrival_memento_mori, layout_basic, minmay_pentomino_z2
D:2:      layout_basic, tso_oasis_becter, okawaru_altar_gauntlet_db
D:3:      layout_basic, first_ration, gammafunk_ghost_nasty_kobolds,
          serial_bayou_lake_a
D:4:      layout_rooms, minmay_temple_entry_glassed_door
D:5:      layout_rooms, cheibriados_altar_1, uniq_eustachio
Temple:   kilobyte_greek_temple

Skill      XL: |  1  2  3  4  5  6 |
---------------+-------------------+-----
Invocations    | 1 2 |  2.1
Short Blades   | 1 |  1.9
Long Blades    | 1 |  1.9
Axes           | 1 |  1.9
Maces & Flails | 1 |  1.9
Polearms       | 1 |  1.9
Staves         | 1 |  1.9
Slings         | 1 |  1.9
Bows           | 1 |  1.9
Crossbows      | 1 |  1.9
Armour         | 1 |  1.9
Stealth        | 1 |  1.9
Shields        | 1 |  1.9
Unarmed Combat | 1 |  1.9
Evocations     | 1 |  1.9
Spellcasting   | 3 |  3.4
Conjurations   | 1 |  1.5
Charms         | 1 |  1.5
Summonings     | 1 |  1.5
Necromancy     | 1 |  1.5
Translocations | 1 |  1.5
Transmutations | 1 |  1.5
Fire Magic     | 1 |  1.5
Ice Magic      | 1 |  1.5
Air Magic      | 1 |  1.5
Earth Magic    | 1 |  1.5
Poison Magic   | 1 |  1.5
Fighting       | 3 |  3.2
Throwing       | 5 |  5.0
Dodging        | 5 |  5.0
Hexes          | |  5.6

Action                   |  1- 3 |  4- 6 || total
-------------------------+-------+-------++-------
Melee: Unarmed           |    69 |       ||    69
       Bite              |    18 |    24 ||    42
       Hand axe          |    69 |   130 ||   199
       Dagger            |       |    85 ||    85
       Punch             |       |     3 ||     3
 Fire: Hunting sling     |    36 |    61 ||    97
Throw: Javelin           |    14 |     2 ||    16
       Dart              |       |    13 ||    13
 Cast: Slow              |       |     8 ||     8
       Corona            |       |     1 ||     1
Evoke: Wand              |       |     3 ||     3
  Use: Potion            |       |     7 ||     7
       Scroll            |       |     1 ||     1
 Stab: Sleeping          |     3 |       ||     3
  Eat: Chunk             |     2 |     8 ||    10
Armor: Robe              |    29 |     9 ||    38
Dodge: Dodged            |   144 |    96 ||   240

Table legend:
 A = Non-vault XP
 B = Vault XP
 C = Vault XP percentage of total XP
 D = Non-vault monster count
 E = Vault monster count
 F = Vault count percentage of total count
                 A         B        C        D         E       F
            +---------+---------+-------+---------+---------+-------
      Total |     427 |      25 |   5.5 |      75 |       8 |   9.6
            +---------+---------+-------+---------+---------+-------
        D:1 |      35 |       2 |   5.4 |      20 |       2 |   9.1
        D:2 |     106 |      23 |  17.8 |      29 |       6 |  17.1
        D:3 |      32 |       0 |   0.0 |      12 |       0 |   0.0
        D:4 |     254 |       0 |   0.0 |      14 |       0 |   0.0
            +---------+---------+-------+---------+---------+-------
